 Dungeon Crawl Stone Soup version 0.19-a0-1182-g094b998 (webtiles) character file.

380 rjrrt the Firebug (level 6, -2/32 HPs)
             Began as a Deep Elf Fire Elementalist on Aug 17, 2016.
             Was an Initiate of Vehumet.
             Slain by an orc wizard
             ... wielding a +0 dagger
              (3 damage)
             ... on level 4 of the Dungeon.
             The game lasted 00:13:26 (3954 turns).

rjrrt the Firebug (Deep Elf Fire Elementalist)      Turns: 3954, Time: 00:13:27

Health: -2/32      AC:  4    Str:  3 (5)  XL:     6   Next: 46%
Magic:  3/15       EV: 18    Int: 25 (27) God:    Vehumet [......]
Gold:   195        SH:  0    Dex: 19 (20) Spells: 4 memorised, 2 levels left

rFire  + . .     SeeInvis .     f - -3 dagger (curse)
rCold  + . .     Gourm    .     a - +0 robe
rNeg   . . .     Faith    .     (no shield)
rPois  +         Spirit   .     (no helmet)
rElec  +         Dismiss  .     p - +0 cloak
rCorr  +         Reflect  .     (no gloves)
MR     .....     Harm     .     k - +0 pair of boots
Stlth  ++........               (no amulet)
                                (no ring)
                                l - ring of flight

@: confused, brilliant, agile, resistant, very slightly contaminated
A: no striking features
a: Renounce Religion, Evoke Flight


You were on level 4 of the Dungeon.
You worshipped Vehumet.
Vehumet was noncommittal.
You were not hungry.

You visited 1 branch of the dungeon, and saw 4 of its levels.

You collected 195 gold pieces.

Inventory:

Hand Weapons
 b - a +0 spear of venom
 f - a cursed -3 dagger (weapon)
 r - a +0 hunting sling
Missiles
 m - 9 sling bullets
 o - 2 tomahawks (quivered)
Armour
 a - a +0 robe (worn)
 k - a +0 pair of boots (worn)
 p - a +0 cloak (worn)
Jewellery
 l - a ring of flight (left hand)
Scrolls
 e - a scroll of random uselessness {unknown}
 h - 6 scrolls of identify {unknown}
 j - 2 scrolls of teleportation {unknown}
 n - 3 scrolls of remove curse {unknown}
 q - 3 scrolls of magic mapping {unknown}
 s - a scroll of fog {unknown}
 v - a scroll of blinking {unknown}
Potions
 g - a potion of agility
 u - a potion of heal wounds {unknown}
Comestibles
 c - 4 bread rations
 w - 4 chunks of flesh


   Skills:
 - Level 2.4 Dodging
 - Level 2.4 Stealth
 + Level 5.0 Spellcasting
 * Level 5.1 Conjurations
 + Level 5.2 Fire Magic


You had 2 spell levels left.
You knew the following spells:

 Your Spells              Type           Power        Failure   Level  Hunger
a - Flame Tongue          Conj/Fire      #####        1%          1    None
b - Conjure Flame         Conj/Fire      #####...     1%          3    ##.....
c - Sticky Flame          Conj/Fire      #####...     1%          4    ####...
d - Fireball              Conj/Fire      #####.....   4%          5    #####..


Dungeon Overview and Level Annotations

Branches:
Dungeon (4/15)
 Temple: D:4-7

Altars:
Fedhas
Vehumet


Message History

The orc wizard hits you with a dagger.
* * * LOW HITPOINT WARNING * * *
It was a potion of agility.
You feel agile all of a sudden.
The orc wizard hits you but does no damage.
It was a potion of degeneration.
There was something very wrong with that liquid.
You feel weakened.
You feel dopey.
You feel clumsy. The orc wizard hits you with a dagger.
* * * LOW HITPOINT WARNING * * *
Unknown command.
It was a potion of brilliance.
You feel clever all of a sudden.
The orc wizard points at you and mumbles some strange words.
You resist with some effort.
Unknown command.
It was a potion of resistance.
You feel protected. The orc wizard hits you with a dagger.
You die...

#.##.# #.##.###### #.##.#<...#
##################.##.####.#
>..........................#
.###.#.....#######.###.....# .#
#.#.###.# #.).# #.###.#
.###.#.###.#####o#####.###.######
.......)........@....)..[........
####.#.#.#.#####...#######......#
#...........# #...# #..##..#
#.####.####.# #...# #.... .# #.#
#.####.# #...# #..... ..#
##...##.# #...# #.#.#.#
..###....##.## #...##### ?.....#
......_......###.......# #.....#
..##....###............#


You could see an orc wizard.

Vanquished Creatures
  The ghost of tigertrap the Pure, an amateur DsAK of Lugonu (D:3)
  An orc priest (D:3)
  Jessica (D:3)
  Natasha (D:3)
  An orc wizard (D:4)
  4 gnolls (D:3)
  6 adders
  4 worms
  4 giant geckos
  8 orcs
  2 ball pythons
  2 bats (D:2)
  5 giant cockroaches
  6 goblins
  15 hobgoblins
  3 jackals (D:3)
  6 kobolds
  6 giant newts
  6 rats
82 creatures vanquished.

Vanquished Creatures (others)
  2 fungi (D:4)
2 creatures vanquished.

Grand Total: 84 creatures vanquished

Notes
Turn   | Place    | Note
-------+----------+-------------------------------------------
     0 | D:1      | rjrrt the Deep Elf Fire Elementalist began the quest for the Orb.
     0 | D:1      | Reached XP level 1. HP: 10/10 MP: 6/6
   311 | D:1      | Reached XP level 2. HP: 15/15 MP: 5/8
  1236 | D:2      | Reached XP level 3. HP: 19/19 MP: 7/9
  1257 | D:2      | Learned a level 3 spell: Conjure Flame
  1607 | D:2      | Upgraded the game from 0.19-a0-1170-g18f0c96 to 0.19-a0-1182-g094b998
  1896 | D:3      | Reached XP level 4. HP: 24/24 MP: 3/12
  1970 | D:3      | Learned a level 4 spell: Sticky Flame
  2173 | D:3      | Found a blossoming altar of Fedhas.
  2313 | D:3      | Noticed Jessica
  2334 | D:3      | Killed Jessica
  2357 | D:3      | Noticed tigertrap's ghost (amateur DsAK)
  2525 | D:3      | Killed tigertrap's ghost
  2525 | D:3      | Reached XP level 5. HP: 28/28 MP: 0/13
  2984 | D:3      | Reached XP level 6. HP: 32/32 MP: 6/14
  3010 | D:3      | Learned a level 5 spell: Fireball
  3099 | D:3      | Reached skill level 5 in Fire Magic
  3224 | D:3      | Noticed Natasha
  3226 | D:3      | Killed Natasha
  3696 | D:4      | Found a radiant altar of Vehumet.
  3711 | D:4      | Became a worshipper of Vehumet
  3748 | D:4      | Reached skill level 5 in Conjurations
  3787 | D:4      | Found a blossoming altar of Fedhas.
  3930 | D:4      | Reached skill level 5 in Spellcasting
  3952 | D:4      | HP: 1/32 [orc wizard/dagger (2)]
  3954 | D:4      | Slain by an orc wizard

Vault maps used:
D:1:      saegor_arrival_simple_f, st_stairs_13
D:2:      grunt_ministairs_14
D:3:      overflow_temple_1_default, uniq_natasha, uniq_jessica
D:4:      nicolae_overflow_crystal_walls, first_bread, fedhas_altar_3

Skill      XL: |  1  2  3  4  5  6 |
---------------+-------------------+-----
Conjurations   | 2 3 4 5 |  5.1
Fire Magic     | 4 5 |  5.2
Spellcasting   | 4 5 |  5.0
Dodging        | |  2.4
Stealth        | |  2.4

Action                   |  1- 3 |  4- 6 || total
-------------------------+-------+-------++-------
Melee: Dagger            |     3 |    11 ||    14
Throw: Stone             |    11 |    12 ||    23
 Cast: Flame Tongue      |    95 |   100 ||   195
       Conjure Flame     |       |     8 ||     8
       Sticky Flame      |       |     1 ||     1
  Use: Potion            |       |     4 ||     4
  Eat: Chunk             |     3 |     5 ||     8
       Pizza             |       |     1 ||     1
Armor: Robe              |     5 |     7 ||    12
Dodge: Dodged            |    26 |    14 ||    40
